 Dungeon Crawl Stone Soup version 0.29.1-15-g9cfb28693d (webtiles) character file.

Game seed: 15232117102590387558

49 Labrat the Conjurer (level 3, -1/19 HPs)
             Began as a Deep Elf Conjurer on Apr 9, 2023.
             Killed by nerve-wracking pain
             ... invoked by Jessica
              (10 damage)
             ... on level 2 of the Dungeon on Apr 15, 2023.
             The game lasted 00:03:12 (1804 turns).

Labrat the Conjurer (Deep Elf Conjurer)             Turns: 1804, Time: 00:03:13

Health: -1/19      AC:  2    Str:  4    XL:     3   Next: 51%
Magic:  6/10       EV: 13    Int: 24    God:
Gold:   88         SH:  0    Dex: 13    Spells: 6/9 levels left

rFire   . . .      SeeInvis .   (no weapon)
rCold   . . .      Faith    .   (no shield)
rNeg    . . .      Spirit   .   a - +0 robe
rPois   .          Reflect  .   (no helmet)
rElec   .          Harm     .   (no cloak)
rCorr   .          Rampage  .   (no gloves)
Will    .....                   (no boots)
Stlth   ++........              (no amulet)
HPRegen 0.06/turn               (no ring)
MPRegen 0.12/turn               (no ring)

@: slowed, very slow
A: no striking features
a: no special abilities


You were on level 2 of the Dungeon.
You visited 1 branch of the dungeon, and saw 2 of its levels.

You collected 88 gold pieces.

Inventory:

Missiles
 h - 5 javelins
Armour
 a - a +0 robe (worn)
Scrolls
 c - a scroll of enchant armour {unknown}
 e - 2 scrolls of blinking {unknown}
 g - 2 scrolls of magic mapping {unknown}
 i - a scroll of fog {unknown}
 j - a scroll of identify {unknown}
 l - a scroll of immolation {unknown}
Potions
 b - a potion of magic
 d - a potion of ambrosia {unknown}
 f - a potion of heal wounds {unknown}
 k - a potion of invisibility {unknown}


   Skills:
 + Level 3.2 Dodging
 + Level 3.3 Stealth
 + Level 3.7 Spellcasting
 + Level 4.8 Conjurations


You had 6 spell levels left.
You knew the following spells:

 Your Spells              Type           Power      Damage    Failure   Level
a - Magic Dart            Conj           100%       1d8       1%          1
b - Searing Ray           Conj           54%        2d6       2%          2

Your spell library contained the following spells:

 Spells                   Type           Power      Damage    Failure   Level
 Dazzling Flash           Conj/Hex       30%        N/A       12%         3
 Fulminant Prism          Conj/Hex       7%         3d7       36%         4
 Iskenderun's Mystic Bla  Conj/Tloc      15%        2d5       36%         4
 Airstrike                Air            2%         2d(1-17)  69%         4
 Summon Lightning Spire   Summ/Air       4%         N/A       69%         4
 Lightning Bolt           Conj/Air       7%         1d20      71%         5


Dungeon Overview and Level Annotations

Branches:
Dungeon (2/15)

Altars:

Annotations:
D:2 Jessica


Message History

A giant cockroach comes into view.
The magic dart hits the giant cockroach.
The giant cockroach is heavily wounded.
The magic dart hits the giant cockroach!
You kill the giant cockroach!
You can't see any susceptible monsters within range! (Use Z to cast anyway.)
An endoplasm comes into view.
An endoplasm is nearby!
The magic dart hits the endoplasm.
The endoplasm is moderately wounded.
The endoplasm quivers.
The endoplasm jiggles.
The magic dart hits the endoplasm.
You kill the endoplasm!
You can't see any susceptible monsters within range! (Use Z to cast anyway.)
You now have 88 gold pieces (gained 14).
Found an escape hatch in the ceiling.
There is an escape hatch in the ceiling here.
Jessica the Apprentice Sorceress comes into view.
She is wielding a +0 dagger.
Jessica is nearby!
The magic dart hits Jessica but does no damage.
Jessica shouts!
Jessica points at you and mumbles some strange words.
You feel yourself slow down.
Casting: Magic Dart (safe; 1% risk of failure)
Confirm with . or Enter, or press ? or * to list all spells.
Aiming: Searing Ray (safe; 2% risk of failure)
Press: ? - help, Shift-Dir - straight line, f/p - Jessica
Aim: Jessica, wielding a +0 dagger and wearing a +0 robe (79% to hit)
The searing ray misses Jessica. (Press . to maintain the ray.)
The searing ray hits Jessica.
Jessica is severely wounded.
Jessica casts a spell at you. Pain shoots through your body!
Ouch! That really hurt!
Jessica mumbles something strange.
Jessica casts a spell at you. Pain shoots through your body!
Ouch! That really hurt!
You die...

#....................#........
#.#####..#############..#.#.##
#.# #..#................#.#
#.########.#####..#....#..#.#
#.<..........#............#.#
##########.#.#.##.#.####.##..
#.#.#.##<#.# ..# #.#.#@##.#.#
## #.#.@.##.#.# #.#.#.##.#..
#.######.### #.. ..# ### ###


You could see Jessica.

Vanquished Creatures
  An adder (D:2)
  4 ball pythons
  4 endoplasms
  3 giant cockroaches
  6 hobgoblins
  3 jackals (D:1)
  2 kobolds
  2 quokkas
  6 frilled lizards
  2 goblins (D:1)
  3 rats (D:1)
36 creatures vanquished.

Notes
Turn   | Place    | Note
-------+----------+-------------------------------------------
     0 | D:1      | Labrat the Deep Elf Conjurer began the quest for the Orb.
     0 | D:1      | Reached XP level 1. HP: 10/10 MP: 6/6
   235 | D:1      | Reached XP level 2. HP: 15/15 MP: 5/8
   346 | D:1      | Learned a level 2 spell: Searing Ray
  1135 | D:1      | Reached XP level 3. HP: 19/19 MP: 8/10
  1801 | D:2      | Noticed Jessica
  1804 | D:2      | Killed from afar by Jessica

Illustrated notes

Levels and vault maps discovered:
D:1:      onia_arrival_pyramid, layout_basic, minmay_pentomino_q2
D:2:      layout_basic, hellmonk_ecumenical_altar_inner_sanctum,
          minmay_misc_feat_alley, st_stairs_3, uniq_jessica

Skill      XL: |  1  2 |
---------------+-------+-----
Stealth        | 3 |  3.3
Dodging        | 3 |  3.2
Spellcasting   | |  3.7
Conjurations   | |  4.8

Action                   || total
-------------------------++-------
Melee: Unarmed           ||    14
 Cast: Magic Dart        ||    70
       Searing Ray       ||     1
Armor: Robe              ||     8
Dodge: Dodged            ||    17
